 Dungeon Crawl Stone Soup version 0.30-a0-782-ge64f9170bb (webtiles) character file.

Game seed: 17842875642645087478

6 mopl the Vexing (level 1, 0/10 HPs)
             Began as a Deep Elf Enchanter on Mar 13, 2023.
             Slain by a ball python (3 damage)
             ... on level 1 of the Dungeon.
             The game lasted 00:00:27 (326 turns).

mopl the Vexing (Deep Elf Enchanter)                 Turns: 326, Time: 00:00:28

Health: 0/10       AC:  2    Str:  5    XL:     1   Next: 75%
Magic:  6/6        EV:  9    Int: 19    God:
Gold:   0          SH:  0    Dex: 15    Spells: 6/6 levels left

rFire   . . .      SeeInvis .    a - +1 dagger
rCold   . . .      Faith    .    (no shield)
rNeg    . . .      Spirit   .    b - +0 robe
rPois   .          Reflect  .    (no helmet)
rElec   .          Harm     .    (no cloak)
rCorr   .          Rampage  .    (no gloves)
Will    .....                    (no boots)
Stlth   +++                      (no amulet)
HPRegen 0.21/turn                (no ring)
MPRegen 0.10/turn                (no ring)

@: constricted
A: no striking features
a: no special abilities


You were on level 1 of the Dungeon.
You visited 1 branch of the dungeon, and saw 1 of its levels.

Inventory:

Hand Weapons
 a - a +1 dagger (weapon)
Armour
 b - a +0 robe (worn)
Scrolls
 d - a scroll of identify {unknown}
 f - 2 scrolls of blinking {unknown}
 h - a scroll of poison {unknown}
Potions
 c - 2 potions of invisibility
 e - a potion of resistance {unknown}
 g - 3 potions of haste {unknown}
 i - a potion of attraction {unknown}


   Skills:
 + Level 1.2 Short Blades
 - Level 2.4 Dodging
 + Level 3.8 Stealth
 + Level 3.1 Spellcasting
 + Level 4.1 Hexes


You had 6 spell levels left.
You didn't know any spells.
Your spell library contained the following spells:

 Spells                   Type           Power      Damage    Failure   Level
 Confusing Touch          Hex            18%        N/A       9%          3
 Tukima's Dance           Hex            18%        N/A       9%          3
 Ensorcelled Hibernation  Hex/Ice        20%        N/A       10%         2
 Dazzling Flash           Conj/Hex       20%        N/A       19%         3
 Sublimation of Blood     Necr           3%         N/A       22%         2
 Petrify                  Tmut/Erth      3%         N/A       83%         4
 Irradiate                Conj/Tmut      1%         3d12      99%         5


Dungeon Overview and Level Annotations

Branches:
Dungeon (1/15)

Altars:


Message History

You hit the endoplasm.
The endoplasm is almost dead.
The endoplasm freezes you.
You are frozen.
You hit the endoplasm but do no damage.
The endoplasm is almost dead.
The endoplasm freezes you.
You are frozen.
You are too injured to fight recklessly!
You are too injured to fight recklessly!
You hit the endoplasm.
You kill the endoplasm!
A rat comes into view.
You are too injured to fight recklessly!
You are too injured to fight recklessly!
You are too injured to fight recklessly!
A ball python comes into view.
The rat barely misses you.
You hit the rat.
You kill the rat!
You see here a rat corpse.
You start resting.
HP restored.
You start waiting.
Done waiting.
The ball python hisses angrily.
You see here a rat corpse.
The ball python bites you. The ball python grabs you.
The ball python constricts you.
You hit the ball python.
The ball python is severely wounded.
The ball python bites you. The ball python constricts you.
* * * LOW HITPOINT WARNING * * *
You are too injured to fight recklessly!
You are too injured to fight recklessly!
You are too injured to fight recklessly!
You barely miss the ball python.
The ball python is severely wounded.
The ball python bites you.
You die...

.#.#.#.......# ..........#
.............######.######.######
.#.#.#..............# ###.....^.?
.........####.####..# #...#######
.#.#.#...# # #..# #.###
.......### # #..# #.# ......##
####.####†.###.#####
....................#.......#
...##[..........@..##.#.#.#.#
...##..........S#...........#
#####...........##..#.#.#.#.#
.......... #>.........## .......
##...#.#.#).# .......
###........# .######
##........... #.########## ## #!#


You could see a ball python.

Vanquished Creatures
  A ball python (D:1)
  An endoplasm (D:1)
  A giant cockroach (D:1)
  A kobold (D:1)
  A rat (D:1)
5 creatures vanquished.

Notes
Turn   | Place    | Note
-------+----------+-------------------------------------------
     0 | D:1      | mopl the Deep Elf Enchanter began the quest for the Orb.
     0 | D:1      | Reached XP level 1. HP: 10/10 MP: 6/6
   326 | D:1      | Slain by a ball python

Illustrated notes

Levels and vault maps discovered:
D:1:      dpeg_arrival_leaves_temple_mockup, layout_basic, serial_glass,
          glass_columns_b, glass_columns_c, glass_columns_b, glass_columns_b,
          glass_columns_c, glass_columns_b, glass_columns_a, glass_columns_b

Action                     || total
---------------------------++-------
  Melee: Dagger            ||    15
   Stab: Sleeping          ||     1
  Dodge: Dodged            ||     7

Table legend: (Time is in decaauts)
 A = Elapsed time spent in this place.
 B = Non-inter-level travel time spent in this place.
 C = Inter-level travel time spent in this place.
 D = Time resting spent in this place.
 E = Time spent auto-exploring this place.
 F = Levels seen in this place.
 G = Mean time per level.
                   A        B        C        D        E       F      G
               +--------+--------+--------+--------+--------+-----+--------+
         Total |    325 |    325 |      0 |    145 |    125 |   1 |  325.0 |
       Dungeon |    325 |    325 |      0 |    145 |    125 |   1 |  325.0 |
               +--------+--------+--------+--------+--------+-----+--------+

Top non-repeatable levels by time:
     D:1: 325 daAuts
